Map: Blackpink LE

Players

ILIEKEGGPIE - Winner!

  • Race: Protoss Protoss
  • Spawn Location: 1:00

Ferrante

  • Race: Terran Terran
  • League: Silver
  • Spawn Location: 7:00

VOD

Have the link to the VOD?

Description

Time

  • Played on: March 14, 2018, 9:24 p.m.
  • Length: 25:11
Show
View Real Time Build Order
Export as new Build Order

ILIEKEGGPIE Protoss - Winner!

Build Orders: Oracle Opening 

Get SALT Encoding   

  12  0:00  Probe  
  13  0:13  Pylon  
  13  0:26  Probe  
  14  0:38  Probe  
  14  0:42  Gateway  
  15  0:50  Probe  
  15  0:54  Assimilator  
  16  1:02  Probe (Chrono Boost)  
  17  1:09  Assimilator  
  17  1:13  Probe (Chrono Boost)  
  17  1:18  Probe (Chrono Boost)  
  19  1:29  Probe  
  20  1:32  Cybernetics Core  
  20  1:41  Probe  
  21  1:53  Pylon  
  21  1:54  Probe (Chrono Boost)  
  22  2:03  Warp Gate (Chrono Boost)  
  22  2:06  Probe (Chrono Boost)  
  23  2:15  Probe (Chrono Boost)  
  24  2:21  Probe  
  25  2:25  Pylon  
  24  2:31  Gateway  
  24  2:33  Gateway  
  24  2:50  Pylon  
  24  2:52  Stalker  
  26  3:02  Stargate  
  26  3:19  Stalker  
  28  3:21  Stalker  
  30  3:31  Nexus  
  30  3:49  Oracle  
  33  4:09  Pylon  
  33  4:11  Probe  
  34  4:18  Pylon  
  34  4:23  Probe  
  34  4:24  Twilight Council  
  35  4:26  Oracle  
  35  4:29  Stalker  
  40  4:31  Sentry  
  42  4:56  Stalker x2  
  42  4:57  Stalker, Probe  
  49  5:13  Probe (Chrono Boost)  
  51  5:22  Probe x2 (Chrono Boost)  
  51  5:27  Charge (Chrono Boost), Probe (Chrono Boost)  
  51  5:28  Probe (Chrono Boost)  
  54  5:38  Pylon  
  54  5:39  Probe  
  54  5:40  Probe  
  56  5:48  Pylon  
  56  5:52  Probe  
  56  5:53  Robotics Facility  
  57  5:57  Assimilator  
  57  6:00  Assimilator  
  57  6:01  Probe  
  58  6:04  Probe  
  59  6:16  Probe (Chrono Boost)  
  59  6:17  Stalker  
  59  6:18  Stalker x2  
  66  6:27  Probe (Chrono Boost)  
  68  6:33  Oracle  
  68  6:34  Probe (Chrono Boost)  
  68  6:37  Probe (Chrono Boost)  
  72  6:42  Observer (Chrono Boost), Probe (Chrono Boost)  
  74  6:49  Zealot x3  
  74  6:53  Probe  
  81  7:01  Gateway  
  81  7:03  Shield Battery  
  81  7:15  Robotics Facility  
  81  7:19  Immortal  
  85  7:41  Gateway  
  85  7:42  Gateway  
  85  7:44  Forge  
  85  7:46  Pylon  
  85  7:49  Forge  
  85  7:53  Zealot x2, Blink (Chrono Boost)  
  85  7:54  Stalker  
  91  8:03  Pylon  
  91  8:05  Pylon  
  91  8:33  Protoss Ground Weapons Level 1 (Chrono Boost)  
  91  8:35  Protoss Ground Armor Level 1 (Chrono Boost)  
  91  8:42  Stalker x4, Sentry  
  101  9:18  Nexus  
  101  9:28  Pylon  
  101  9:31  Nexus  
  92  10:20  Zealot x5  
  102  10:21  Assimilator  
  102  10:22  Assimilator  
  102  10:24  Pylon  
  102  10:25  Pylon  
  102  10:30  Protoss Ground Armor Level 2  
  102  10:31  Protoss Ground Weapons Level 2  
  102  10:33  Immortal  
  100  11:03  Photon Cannon  
  100  11:14  Photon Cannon  
  100  11:17  Pylon  
  100  11:21  Probe x4  
  102  11:33  Probe x2  
  102  12:04  Probe  
  102  12:05  Probe x3  
  102  12:06  Assimilator  
  102  12:07  Pylon  
  104  12:10  Assimilator  
  104  12:11  Pylon  
  104  12:13  Pylon  
  104  12:15  Pylon  
  104  12:26  Immortal x2 (Chrono Boost), Pylon  
  111  12:44  Zealot, Sentry x3  
  115  12:45  Zealot  
  115  12:48  Pylon  
  121  12:52  Dark Shrine  
  121  13:04  Protoss Ground Weapons Level 3 (Chrono Boost)  
  121  13:06  Protoss Ground Armor Level 3 (Chrono Boost)  
  121  13:25  Observer x2  
  123  13:28  Templar Archives  
  116  13:36  Stalker x3  
  116  13:37  Stalker  
  117  14:24  Stalker x3  
  123  14:53  Stalker x4  
  123  14:55  High Templar x2  
  135  15:17  High Templar x4  
  143  15:23  Probe  
  144  15:35  Probe  
  136  16:33  Stalker x4, Sentry  
  136  16:34  Sentry  
  147  16:49  Photon Cannon  
  147  16:50  Photon Cannon  
  147  17:05  Photon Cannon  
  107  18:38  Archon x2  
  105  19:03  Stargate  
  105  19:05  Stargate  
  105  19:06  Stargate  
  105  19:07  Stargate  
  105  19:26  Probe  
  106  19:37  Probe x3  
  109  19:39  Probe  
  110  19:49  Probe x2  
  110  19:51  Probe  
  113  20:03  Probe  
  90  20:45  Void Ray x4 (Chrono Boost)  
  94  21:20  Void Ray x2 (Chrono Boost)  
  94  21:21  Void Ray x2 (Chrono Boost)  
  106  21:57  Zealot x3  
  106  21:58  Zealot x3  
  114  22:15  Void Ray x2  
  114  22:16  Void Ray  
  114  22:20  Probe  
  114  22:21  Probe x3  
  126  22:33  Probe x2  
  128  22:57  Void Ray (Chrono Boost)  
  128  22:58  Void Ray x3 (Chrono Boost)  
  134  23:11  Probe  
  134  23:12  Probe x3  
  134  23:23  Probe  
  134  23:24  Probe x3  
  138  23:35  Probe  
  135  23:47  Probe  
  136  24:02  Void Ray  
  136  24:03  Void Ray x2  
  133  24:24  Stalker x2  
  133  24:25  Stalker x4  
Show
View Real Time Build Order
Export as new Build Order

Ferrante Terran 

Build Orders:  

Get SALT Encoding   

  12  0:02  SCV  
  14  0:14  SCV  
  14  0:21  Supply Depot  
  14  0:26  SCV  
  16  0:42  SCV  
  16  0:49  Barracks  
  16  1:11  Refinery  
  16  1:15  Refinery, SCV  
  17  1:27  SCV  
  17  1:31  Command Center  
  18  1:37  Marine  
  19  1:50  Bunker  
  19  1:53  SCV  
  20  1:54  Marine  
  21  2:05  SCV  
  22  2:12  Marine  
  23  2:31  Orbital Command  
  23  2:42  Marine  
  24  2:45  Engineering Bay, Refinery  
  24  2:46  Orbital Command  
  24  3:09  Refinery  
  24  3:15  Missile Turret  
  24  3:31  Barracks Reactor  
  24  3:32  Factory  
  24  3:35  Missile Turret  
  24  3:36  Missile Turret  
  24  3:39  SCV  
  25  3:51  SCV  
  26  4:01  Missile Turret  
  26  4:03  Bunker, SCV  
  27  4:15  SCV  
  28  4:18  Factory Tech Lab  
  28  4:24  Missile Turret  
  28  4:27  SCV  
  28  4:30  Marine  
  28  4:31  Marine  
  31  4:34  Missile Turret  
  31  4:43  Missile Turret  
  31  4:48  Marine x2  
  31  4:51  SCV  
  34  4:55  Siege Tank  
  37  5:02  Starport  
  37  5:03  SCV  
  37  5:04  Hi-Sec Auto Tracking  
  37  5:05  Missile Turret  
  38  5:29  Missile Turret  
  38  5:40  Starport Reactor  
  38  5:42  Starport  
  38  5:57  Supply Depot  
  38  6:18  Marine, SCV  
  38  6:19  Supply Depot  
  38  6:21  Supply Depot, Viking x3  
  38  6:22  Starport  
  46  6:41  Supply Depot, SCV, Missile Turret  
  46  6:46  Supply Depot  
  47  6:51  Viking  
  47  6:53  SCV  
  50  6:56  Starport Reactor  
  50  7:01  Armory  
  50  7:05  SCV  
  51  7:09  Supply Depot  
  51  7:12  Starport Reactor  
  51  7:17  SCV, Viking  
  51  7:21  Viking  
  56  7:29  SCV  
  57  7:42  Liberator x5  
  72  8:20  Liberator  
  72  8:25  Liberator  
  78  8:54  Siege Tank  
  72  9:50  Liberator x3  
  56  11:00  Viking  
  56  11:01  Viking  
  60  11:17  Marine  
  60  11:18  Marine  
  58  11:35  Marine x2  
  60  11:45  Liberator  
  60  11:46  Liberator x3  
  60  11:53  Marine x2  
  62  12:05  Command Center  
  73  12:11  Marine x2  
  73  12:12  Missile Turret x2  
  73  12:15  Missile Turret x4  
  75  12:16  Missile Turret  
  75  12:35  Missile Turret  
  75  12:42  Missile Turret  
  75  12:45  Missile Turret  
  75  12:49  Siege Tank  
  78  13:05  Bunker  
  78  13:07  Bunker  
  78  13:18  Command Center  
  78  13:21  Siege Tank  
  71  14:32  Liberator x3  
  71  14:33  Liberator  
  71  14:35  Marine x2  
  64  14:46  Missile Turret x2  
  76  14:53  Marine x2  
  78  15:11  Marine x2  
  78  15:12  Refinery  
  80  15:14  Refinery  
  80  15:28  Marine  
  81  15:51  Planetary Fortress x2  
  81  16:02  Bunker  
  79  16:36  Siege Tank  
  82  16:45  SCV  
  83  16:57  SCV  
  84  17:03  Marine  
  84  17:04  Marine  
  84  17:08  Siege Tank  
  89  17:09  SCV  
  83  17:21  Marine x2, SCV  
  82  17:26  Liberator x4  
  82  17:33  SCV  
  83  17:39  Marine x2  
  83  17:40  Missile Turret  
  83  17:42  Missile Turret  
  97  17:57  Marine x2  
  53  18:35  Liberator x3  
  46  19:13  Command Center  
  46  19:14  Command Center  
  42  19:30  SCV  
  43  19:42  SCV  
  44  19:49  Siege Tank  
  47  19:54  SCV  
  45  20:06  SCV  
  46  20:25  SCV  
  38  21:18  SCV x2  
  36  21:30  SCV x2  
  30  21:42  SCV x2  
  25  21:48  Engineering Bay  
  25  21:52  Orbital Command  
  21  21:54  SCV  
  18  22:10  SCV  
  18  22:11  SCV  
  20  22:23  SCV  
  15  23:24  SCV x2  
  17  23:34  Supply Depot  
  17  23:35  Supply Depot  
  17  23:36  Supply Depot x2, SCV  
  18  23:48  SCV  
  19  24:00  SCV  
  18  24:12  SCV  
  12  24:47  Refinery  
  12  24:55  SCV  
  12  24:57  Barracks  
  12  24:59  Barracks  
Tags
 
League
Silver
Matchup
PvT
Replay Pack
Multi
Spawn Locations
Cross Positions
Add a new tag
Caveats
  • Supply blocks, unpowered buildings, or Contaminate may cause inaccurate times.
  • Supply counts are checked every 10 seconds.